 Dungeon Crawl Stone Soup version 0.27-a0-1525-g1038ab4fd7 (webtiles) character file.

Game seed: 3829051175765493552

485 tilp the Caller (level 7, -1/54 HPs)
             Began as a Barachi Summoner on July 10, 2021.
             Slain by an ice beast (13 damage)
             ... on level 5 of the Dungeon.
             The game lasted 00:07:34 (5892 turns).

tilp the Caller (Barachi Summoner)                  Turns: 5892, Time: 00:07:35

Health: -1/54      AC:  7    Str: 11    XL:     7   Next: 13%
Magic:  2/11       EV: 11    Int: 16    God:
Gold:   167        SH:  0    Dex: 12    Spells: 6/12 levels left

rFire    . . .     SeeInvis +   a - +2 short sword (vamp)
rCold    . . .     Faith    .   (no shield)
rNeg     . . .     Spirit   .   h - +0 ring mail
rPois    .         Reflect  .   l - +0 helmet
rElec    .         Harm     .   (no cloak)
rCorr    .         Rampage  .   (no gloves)
Will     .....                  g - +0 pair of boots
Stlth    ++........             (no amulet)
HPRegen  0.18/turn              p - ring of see invisible
MPRegen  0.12/turn              (no ring)

@: slow
A: amphibious, slowness 1, strong legs 1, +LOS
a: Hop


You were on level 5 of the Dungeon.
You visited 1 branch of the dungeon, and saw 5 of its levels.

You collected 167 gold pieces.

Inventory:

Hand Weapons
 a - a +2 vampiric short sword (weapon)
 b - a +1 vorpal mace
 i - a +0 trident
 n - a +0 hand axe of pain
Missiles
 c - 2 throwing nets
 m - 14 poisoned darts (quivered)
Armour
 g - a +0 pair of boots (worn)
 h - a +0 ring mail (worn)
 k - a +2 animal skin
 l - a +0 helmet (worn)
 o - a +1 robe of positive energy
Jewellery
 p - a ring of see invisible (left hand)
Wands
 s - a wand of acid (3)
Scrolls
 e - 4 scrolls of teleportation
Potions
 d - a potion of cancellation
 f - 2 potions of curing
 j - a potion of berserk rage {unknown}
 q - a potion of invisibility {unknown}
 r - 2 potions of lignification {unknown}


   Skills:
 - Level 4.0 Fighting
 - Level 4.0 Dodging
 - Level 4.0 Stealth
 + Level 3.2 Spellcasting
 + Level 6.2 Summonings


You had 6 spell levels left.
You knew the following spells:

 Your Spells              Type           Power      Damage    Failure   Level
a - Summon Small Mammal   Summ           88%        N/A       3%          1
b - Call Imp              Summ           22%        N/A       5%          2
c - Call Canine Familiar  Summ           22%        N/A       11%         3

Your spell library contained the following spells:

 Spells                   Type           Power      Damage    Failure   Level
 Summon Guardian Golem    Hex/Summ       12%        N/A       36%         3
 Animate Skeleton         Necr           4%         N/A       41%         1
 Pain                     Necr           8%         1d4       41%         1
 Summon Lightning Spire   Summ/Air       12%        N/A       77%         4
 Gell's Gravitas          Tloc           1%         N/A       80%         3
 Lesser Beckoning         Tloc           1%         N/A       80%         3
 Teleport Other           Tloc           2%         N/A       80%         3
 Vampiric Draining        Necr           1%         2d6       80%         3


Dungeon Overview and Level Annotations

Branches:
Dungeon (5/15)
 Temple: D:4-7

Altars:
Elyvilon
Gozag
Sif Muna
Uskayaw
Vehumet
Wu Jian


Innate Abilities, Weirdness & Mutations

You are amphibious.
You cover ground slowly.
You can hop short distances.
You have an extended range of vision and can be seen from far away.


Message History

The ice beast hits you. The ice beast freezes you.
Your white imp hits the ice beast but does no damage.
The ice beast hits you but does no damage.
You hit the ice beast.
You feel better.
The ice beast is heavily wounded.
Your white imp hits the ice beast.
Your white imp freezes the ice beast.
The ice beast completely resists.
The ice beast hits you but does no damage.
Your white imp hits the ice beast.
Your white imp freezes the ice beast.
The ice beast completely resists.
You closely miss the ice beast.
The ice beast is heavily wounded.
The ice beast barely misses you.
Your white imp closely misses the ice beast.
Unknown command.
You hit the ice beast but do no damage.
The ice beast is heavily wounded.
The ice beast barely misses you.
Unknown command.
You barely miss the ice beast.
The ice beast is heavily wounded.
The ice beast hits you but does no damage.
Unknown command.
You hit the ice beast.
The ice beast is severely wounded.
The ice beast closely misses you.
Unknown command.
You barely miss the ice beast.
The ice beast is severely wounded.
The ice beast hits you. The ice beast freezes you!
* * * LOW HITPOINT WARNING * * *
Your iron imp hits the ice beast.
Unknown command.
Your ring mail prevents you from hitting the ice beast.
The ice beast is almost dead.
Your white imp closely misses the ice beast.
The ice beast hits you.
* * * LOW HITPOINT WARNING * * *
The ice beast freezes you!
You die...

### ..# ..... #.# #.. . # #.#
####.....
..(.##.######.#######....#...
...........Y@5...............
######.####55.......#....##.#
# #.........#........
#.........#..†.##.#
#...#.#.###.......# #.###.#.#
#....##.# #.#.#[#.# ##.#.....
#########.#.#.#.####.#.##.#
..................<..#..#.#


You could see an ice beast (ally target), a friendly iron imp (summoned) and 2
friendly white imps.

Vanquished Creatures
  Grinder (D:3)
  An ogre (D:3)
  A bullfrog zombie (D:5)
  A centaur skeleton (D:4)
  Terence (D:3)
  An orc wizard (D:3)
  3 adders
  3 worms (D:3)
  3 orcs (D:3)
  6 ball pythons
  5 bats
  2 endoplasms
  A giant cockroach (D:4)
  10 goblins
  8 hobgoblins
  3 jackals
  2 frilled lizards
  3 kobolds
  8 rats
63 creatures vanquished.

Vanquished Creatures (collateral kills)
  A scorpion (D:5)
  Robin (D:2)
  3 adders
  3 worms
  A dart slug (D:1)
  2 orcs (D:3)
  2 ball pythons (D:1)
  An endoplasm (D:1)
  11 goblins
  2 hobgoblins (D:2)
  4 jackals
  A frilled lizard (D:1)
  A kobold (D:3)
33 creatures vanquished.

Grand Total: 96 creatures vanquished

Notes
Turn   | Place    | Note
-------+----------+-------------------------------------------
     0 | D:1      | tilp the Barachi Summoner began the quest for the Orb.
     0 | D:1      | Reached XP level 1. HP: 13/13 MP: 3/3
   199 | D:1      | Reached skill level 1 in Fighting
   256 | D:1      | Reached XP level 2. HP: 17/22 MP: 3/5
   333 | D:1      | Found a faded altar of an unknown god.
   503 | D:1      | Learned a level 2 spell: Call Imp
   689 | D:1      | Reached skill level 5 in Summonings
  1108 | D:2      | Reached XP level 3. HP: 14/27 MP: 3/6
  1421 | D:2      | Noticed Robin
  1917 | D:2      | Killed Robin
  2517 | D:2      | Learned a level 3 spell: Call Canine Familiar
  2728 | D:3      | Noticed Grinder
  2758 | D:3      | Reached XP level 4. HP: 30/33 MP: 8/8
  3042 | D:3      | Noticed Terence
  3060 | D:3      | Killed Terence
  3061 | D:3      | Reached skill level 6 in Summonings
  3677 | D:3      | Found a shimmering blue altar of Sif Muna.
  3784 | D:3      | Reached XP level 5. HP: 37/39 MP: 4/9
  4029 | D:3      | Killed Grinder
  4030 | D:3      | Reached XP level 6. HP: 25/47 MP: 1/10
  4490 | D:3      | Found an ornate altar of the Wu Jian Council.
  5094 | D:4      | Found a hide-covered altar of Uskayaw.
  5359 | D:4      | Found an opulent altar of Gozag.
  5426 | D:4      | Found a white marble altar of Elyvilon.
  5561 | D:5      | Entered Level 5 of the Dungeon
  5582 | D:5      | Reached XP level 7. HP: 18/54 MP: 2/11
  5835 | D:5      | Found a radiant altar of Vehumet.
  5892 | D:5      | Slain by an ice beast

Illustrated notes

Levels and vault maps discovered:
D:1:      lightli_arrival_isolated_outpost, layout_basic,
          ebering_ecumenical_altar_box
D:2:      layout_loops_ring, uniq_robin
D:3:      layout_loops_ring, led_sif_pool, nicolae_wu_jian_immortal_techniques,
          minmay_ogre_servants, uniq_terence, uniq_grinder
D:4:      layout_basic, nicolae_elyvilon_peaceful_grove, lemuel_tele_altar,
          eat_drink_and_be_merry_uskayaw, serial_bayou_pond_d,
          dk_noncrumbling_4, chequers_serial_rivers_small_3, minmay_between,
          uniq_crazy_yiuf_cottage
D:5:      layout_basic, fiery_altar_vehumet, gammafunk_ghost_necromancy,
          serial_shops, shop

Skill      XL: |  1  2  3  4  5  6 |
---------------+-------------------+-----
Fighting       | 2 3 4 |  4.0
Summonings     | 5 6 |  6.2
Spellcasting   | 3 |  3.2
Stealth        | 2 3 4 |  4.0
Dodging        | 3 4 |  4.0

Action                   |  1- 3 |  4- 6 |  7- 9 || total
-------------------------+-------+-------+-------++-------
Melee: Hand axe          |    72 |       |       ||    72
       Unarmed           |     6 |       |       ||     6
       Mace              |    12 |    47 |       ||    59
       Short sword       |       |   108 |    18 ||   126
 Cast: Summon Small Mamm |    28 |       |       ||    28
       Call Imp          |    18 |    12 |     5 ||    35
       Call Canine Famil |       |     9 |     2 ||    11
  Use: Scroll            |     6 |     2 |       ||     8
       Potion            |       |     1 |       ||     1
 Stab: Sleeping          |     2 |     1 |       ||     3
       Distracted        |       |     1 |     1 ||     2
Armor: Robe              |    25 |       |       ||    25
       Animal skin       |     6 |     7 |       ||    13
       Ring mail         |       |    61 |     8 ||    69
Dodge: Dodged            |    65 |    99 |     9 ||   173

Table legend: (Time is in decaauts)
 A = Elapsed time spent in this place.
 B = Non-inter-level travel time spent in this place.
 C = Inter-level travel time spent in this place.
 D = Time resting spent in this place.
 E = Time spent auto-exploring this place.
 F = Levels seen in this place.
 G = Mean time per level.
                   A        B        C        D        E       F      G
               +--------+--------+--------+--------+--------+-----+--------+
         Total |   6508 |   6151 |    357 |   1804 |   3343 |   5 | 1301.6 |
       Dungeon |   6508 |   6151 |    357 |   1804 |   3343 |   5 | 1301.6 |
               +--------+--------+--------+--------+--------+-----+--------+

Top non-repeatable levels by time:
     D:3: 2116 daAuts
     D:2: 1507 daAuts
     D:1: 1406 daAuts
     D:4: 1328 daAuts
     D:5: 149 daAuts
